 Dungeon Crawl Stone Soup version 0.21-a0-426-g98080a9 (webtiles) character file.

798 GoodRolls the Destroyer (level 7, -4/36 HPs)
             Began as a Tengu Fire Elementalist on Nov 5, 2017.
             Slain by an ogre
             ... wielding a +0 giant spiked club
              (27 damage)
             ... on level 7 of the Dungeon.
             The game lasted 00:12:40 (5558 turns).

GoodRolls the Destroyer (Tengu Fire Elementalist)   Turns: 5558, Time: 00:12:40

Health: -4/36      AC:  8    Str:  8    XL:     7   Next: 90%
Magic:  8/14       EV: 13    Int: 16    God:
Gold:   387        SH:  0    Dex: 16    Spells: 2/15 levels left

rFire    . . .     SeeInvis .   i - +2 short sword (flame)
rCold    . . .     Gourm    .   (no shield)
rNeg     . . .     Faith    .   a - +0 robe
rPois    .         Spirit   .   (helmet restricted)
rElec    .         Reflect  .   f - +0 cloak
rCorr    .         Harm     .   q - +0 pair of gloves
MR       .....                  (boots unavailable)
Stlth    ++........             g - amulet of regeneration
HPRegen  0.52/turn              v - ring of wizardry
MPRegen  0.14/turn              t - +4 ring of protection

@: no status effects
A: beak, talons 3, able to fly 1
a: Fly


You were on level 7 of the Dungeon.
You were hungry.

You visited 2 branches of the dungeon, and saw 8 of its levels.

You collected 387 gold pieces.

Inventory:

Hand Weapons
 d - a +1 dagger of venom
 i - a +2 short sword of flaming (weapon)
Armour
 a - a +0 robe (worn)
 f - a +0 cloak (worn)
 q - a +0 pair of gloves (worn)
 x - a cursed +0 leather armour
Jewellery
 g - an amulet of regeneration (around neck)
 t - a +4 ring of protection (right hand)
 v - a ring of wizardry (left hand)
 y - an uncursed ring of fire {unknown}
 G - a cursed -3 ring of strength {unknown}
Wands
 r - a wand of confusion (25/48)
Scrolls
 e - 4 scrolls of remove curse
 h - a scroll of fog
 j - 3 scrolls of magic mapping
 w - 3 scrolls of identify
 A - 3 scrolls of amnesia {unknown}
 C - a scroll of enchant weapon {unknown}
 H - a scroll of fear {unknown}
 I - a scroll of blinking
 J - 2 scrolls of teleportation
Potions
 k - a potion of flight
 l - a potion of might
 o - 2 potions of heal wounds {unknown}
 s - 2 potions of invisibility {unknown}
 u - a potion of ambrosia {unknown}
 z - a potion of curing
 B - a potion of lignification {unknown}
 D - 2 potions of haste {unknown}
Books
 b - a book of Flames

   Spells                             Type                      Level
   a - Flame Tongue                   Conjuration/Fire             1
   b - Throw Flame                    Conjuration/Fire             2
   c - Conjure Flame                  Conjuration/Fire             3
   d - Inner Flame                    Hexes/Fire                   3
   e - Sticky Flame                   Conjuration/Fire             4
   f - Fireball                       Conjuration/Fire             5
 n - a book of Maledictions

   Spells                             Type                      Level
   a - Corona                         Hexes                        1
   b - Ensorcelled Hibernation        Hexes/Ice                    2
   c - Confuse                        Hexes                        3
   d - Tukima's Dance                 Hexes                        3
   e - Dazzling Spray                 Conjuration/Hexes            3
 E - a book of Minor Magic

   Spells                             Type                      Level
   a - Magic Dart                     Conjuration                  1
   b - Blink                          Translocation                2
   c - Call Imp                       Summoning                    2
   d - Slow                           Hexes                        2
   e - Conjure Flame                  Conjuration/Fire             3
   f - Mephitic Cloud                 Conjuration/Poison/Air       3
 F - the Reference Book on Combat Magic
   (You found it on level 6 of the Dungeon)

   Spells                             Type                      Level
   a - Shock                          Conjuration/Air              1
   b - Iskenderun's Mystic Blast      Conjuration                  4
Comestibles
 c - 4 bread rations
 m - 2 royal jellies
 p - 4 fruits
 L - a meat ration


   Skills:
 - Level 2.1 Dodging
 - Level 2.0 Stealth
 + Level 4.5 Spellcasting
 - Level 8.2 Conjurations
 - Level 5.0 Fire Magic


You had 2 spell levels left.
You knew the following spells:

 Your Spells              Type           Power        Failure   Level  Hunger
a - Flame Tongue          Conj/Fire      ####.        1%          1    None
b - Throw Flame           Conj/Fire      ####..       1%          2    ##.....
c - Conjure Flame         Conj/Fire      ####....     1%          3    ###....
d - Inner Flame           Hex/Fire       ##......     7%          3    ###....
e - Sticky Flame          Conj/Fire      ####....     4%          4    ####...


Dungeon Overview and Level Annotations

Branches:
Dungeon (7/15)             Temple (1/1) D:6

Altars:
Ashenzari
Dithmenos
Elyvilon
Gozag
Hepliaklqana
Kikubaaqudgha
Makhleb
Nemelex Xobeh
Okawaru
Qazlal
Ru
Sif Muna
Trog
Uskayaw
Xom
Yredelemnul
Zin
The Shining One


Innate Abilities, Weirdness & Mutations

You have a beak for a mouth.
You have claws for feet.
You can fly.


Message History

Aiming: Flame Tongue
Press: ? - help, Shift-Dir - straight line, f/p - phantom
Aim: a phantom (lightly damaged)
The flame tongue misses the phantom.
The phantom hits you but does no damage.
A gnoll comes into view.
Casting: Flame Tongue
Confirm with . or Enter, or press ? or * to list all spells.
Aiming: Sticky Flame
Press: ? - help, Shift-Dir - straight line, f - ogre, p - phantom
Aim: an ogre, wielding a giant spiked club The sticky flame hits the ogre.
The ogre is lightly wounded.
The ogre is covered in liquid flames!
The gnoll shouts!
You are feeling hungry.
The ogre burns!
The phantom hits you!
The phantom blinks!
The ogre hits you with a giant spiked club!!
Ouch! That really hurt!
You die...

.# .# .# #######.#
#.....g.#
#.......#
#W......#
#O@...))#
........#+#......#
.....##.# .?######
<... ....... ...
.......## ..
......... .
F##.##.#.# .. ..
#....


You could see a phantom, an ogre (burning) and a gnoll.

Vanquished Creatures
  An ogre (D:5)
  A big kobold (D:5)
  3 crimson imps (D:5)
  A jelly (D:5)
  A gnoll shaman (D:7)
  An orc priest (D:5)
  2 orc wizards (D:4)
  2 iguanas
  2 worker ants
  A howler monkey skeleton (D:5)
  A worker ant zombie (D:6)
  6 gnolls
  11 adders
  An adder skeleton (D:4)
  2 worms
  A leopard gecko (D:3)
  8 orcs
  7 bats
  3 giant cockroaches
  10 goblins
  9 hobgoblins
  6 jackals (D:1)
  14 kobolds
  6 quokkas
  3 ball pythons
  4 frilled lizards
  A leopard gecko skeleton (D:5)
  10 rats
118 creatures vanquished.

Notes
Turn   | Place    | Note
-------+----------+-------------------------------------------
     0 | D:1      | GoodRolls the Tengu Fire Elementalist began the quest for the Orb.
     0 | D:1      | Reached XP level 1. HP: 10/10 MP: 4/4
    37 | D:1      | Reached skill level 2 in Conjurations
   144 | D:1      | Reached XP level 2. HP: 15/15 MP: 6/6
   148 | D:1      | Learned a level 2 spell: Throw Flame
   250 | D:1      | Reached skill level 3 in Conjurations
   675 | D:1      | Reached XP level 3. HP: 19/19 MP: 5/7
   683 | D:1      | Learned a level 3 spell: Conjure Flame
   690 | D:1      | Reached skill level 4 in Conjurations
  1285 | D:2      | Reached skill level 5 in Conjurations
  1285 | D:2      | Reached XP level 4. HP: 19/24 MP: 3/8
  2081 | D:3      | Found a basalt altar of Yredelemnul.
  2200 | D:3      | Gained mutation: You can fly. [Tengu growth]
  2200 | D:3      | Reached XP level 5. HP: 16/28 MP: 9/9
  2468 | D:3      | Learned a level 3 spell: Inner Flame
  2843 | D:4      | Found a shadowy altar of Dithmenos.
  3270 | D:4      | Found a sparkling altar of Nemelex Xobeh.
  3376 | D:4      | Found a glowing silver altar of Zin.
  3376 | D:4      | Found a hide-covered altar of Uskayaw.
  3378 | D:4      | Found an iron altar of Okawaru.
  3440 | D:5      | Entered Level 5 of the Dungeon
  3444 | D:4      | Reached XP level 6. HP: 23/32 MP: 8/13
  3630 | D:4      | Learned a level 4 spell: Sticky Flame
  3855 | D:5      | Reached skill level 6 in Conjurations
  3874 | D:5      | Found a stormy altar of Qazlal.
  4012 | D:5      | Reached skill level 7 in Conjurations
  4012 | D:5      | Reached XP level 7. HP: 32/36 MP: 9/14
  4095 | D:5      | Reached skill level 8 in Conjurations
  4531 | D:6      | Found a staircase to the Ecumenical Temple.
  4540 | D:6      | Found a bloodstained altar of Trog.
  4565 | Temple   | Entered the Ecumenical Temple
  4855 | D:6      | Identified the Reference Book on Combat Magic
  5047 | D:6      | Reached skill level 5 in Fire Magic
  5558 | D:7      | Slain by an ogre

Vault maps used:
D:1:      erik_arrival_cave_to_civilisation
D:2:      kennysheep_path_1, kennysheep_generic_room_13
D:3:      minmay_misc_feat_roman, serial_park_tiny_2, yredelemnul_altar_generic
D:4:      nemelex_xobeh_ov_fountains_minmay, overflow_temple_1_default,
          nicolae_overflow_hidden_temple
D:5:      nicolae_qazlal_general_emergency, first_bread
D:6:      bloody_trog, minmay_temple_entry_glassed_door
D:7:      grunt_livestock
Temple:   minmay_temple_curvy_loop

Skill      XL: |  1  2  3  4  5  6  7 |
---------------+----------------------+-----
Conjurations   | 2 3 5 7 8 |  8.2
Fire Magic     | 4 5 |  5.0
Spellcasting   | 4 |  4.5
Dodging        | |  2.1
Stealth        | |  2.0

Action                   |  1- 3 |  4- 6 |  7- 9 || total
-------------------------+-------+-------+-------++-------
Melee: Unarmed           |    29 |     7 |       ||    36
       Kick              |     9 |    30 |    14 ||    53
       Peck              |     5 |    16 |     7 ||    28
       Short sword       |       |   121 |    32 ||   153
       Dagger            |       |    12 |    13 ||    25
 Cast: Flame Tongue      |    46 |    35 |    24 ||   105
       Throw Flame       |     4 |     8 |     2 ||    14
       Conjure Flame     |       |     1 |       ||     1
       Sticky Flame      |       |     4 |     7 ||    11
  Use: Scroll            |       |     7 |       ||     7
       Potion            |       |     5 |       ||     5
 Stab: Sleeping          |       |     6 |       ||     6
  Eat: Chunk             |     2 |    11 |     1 ||    14
       Meat ration       |       |       |     1 ||     1
Armor: Robe              |    19 |    41 |    19 ||    79
Dodge: Dodged            |    64 |   116 |    29 ||   209

Table legend:
 A = Spawn XP
 B = Non-spawn XP
 C = Spawn XP percentage of total XP
 D = Spawn monster count
 E = Non-spawn monster count
 F = Spawn count percentage of total count
 G = Total turns spent on level
                    A         B        C        D         E        F      G
               +---------+---------+-------+---------+---------+-------+---------
         Total |       0 |    1141 |   0.0 |       0 |     118 |   0.0 |  5558
               +---------+---------+-------+---------+---------+-------+---------
           D:1 |       0 |      62 |   0.0 |       0 |      31 |   0.0 |  1263
           D:2 |       0 |      76 |   0.0 |       0 |      24 |   0.0 |   725
           D:3 |       0 |      77 |   0.0 |       0 |      19 |   0.0 |   952
           D:4 |       0 |     120 |   0.0 |       0 |      12 |   0.0 |   732
           D:5 |       0 |     580 |   0.0 |       0 |      20 |   0.0 |   808
           D:6 |       0 |     141 |   0.0 |       0 |       8 |   0.0 |   842
           D:7 |       0 |      85 |   0.0 |       0 |       4 |   0.0 |    24
               +---------+---------+-------+---------+---------+-------+---------
